Map: [ESL] Hard Lead

Players

Krystianer

  • Race: Protoss Protoss
  • Spawn Location: 5:00

Reynor - Winner!

  • Race: Zerg Zerg
  • Spawn Location: 11:00

Event: ESL SC2 Masters 2023 Winter (Regional)

VOD

Have the link to the VOD?

Description

Time

  • Played on: Oct. 29, 2023, 10:17 a.m.
  • Length: 10:38

All games in this series

Show
View Real Time Build Order
Export as new Build Order

Krystianer Protoss 

Build Orders: 1 Gate Expand, Oracle Opening, Archon Immortal, Archon Drop 

Get SALT Encoding   

  12  0:00  Probe  
  13  0:12  Probe  
  14  0:18  Pylon  
  14  0:24  Probe (Chrono Boost)  
  15  0:36  Probe (Chrono Boost)  
  15  0:41  Gateway  
  16  0:45  Probe (Chrono Boost)  
  16  0:48  Assimilator  
  17  0:50  Probe  
  18  1:03  Probe  
  19  1:15  Probe  
  20  1:24  Nexus  
  20  1:34  Cybernetics Core  
  20  1:38  Probe  
  21  1:43  Assimilator  
  21  1:50  Probe  
  21  1:53  Pylon  
  22  2:03  Probe  
  23  2:08  Adept (Chrono Boost)  
  23  2:15  Probe  
  26  2:19  Stargate  
  26  2:24  Warp Gate  
  26  2:27  Probe (Chrono Boost)  
  26  2:29  Adept (Chrono Boost)  
  29  2:37  Probe (Chrono Boost)  
  31  2:45  Probe (Chrono Boost)  
  31  2:46  Probe (Chrono Boost)  
  33  2:51  Adept, Probe x2 (Chrono Boost)  
  36  3:00  Oracle (Chrono Boost)  
  36  3:03  Probe  
  36  3:04  Probe  
  41  3:12  Pylon  
  41  3:15  Probe  
  41  3:17  Probe  
  43  3:27  Probe  
  43  3:28  Gateway  
  43  3:29  Probe  
  43  3:30  Assimilator  
  43  3:32  Assimilator  
  45  3:39  Probe  
  45  3:41  Probe  
  47  3:42  Robotics Facility  
  47  3:53  Probe x2 (Chrono Boost)  
  49  3:58  Twilight Council  
  49  4:04  Pylon  
  49  4:05  Probe (Chrono Boost)  
  49  4:08  Gateway  
  49  4:09  Probe (Chrono Boost)  
  51  4:11  Gateway  
  51  4:12  Probe (Chrono Boost)  
  51  4:16  Probe  
  53  4:23  Probe  
  54  4:27  Warp Prism (Chrono Boost)  
  54  4:29  Adept x2  
  60  4:35  Pylon  
  60  4:38  Templar Archives  
  60  4:51  Nexus  
  60  4:53  Probe  
  60  4:54  Probe  
  60  4:59  Pylon  
  62  5:05  Probe  
  62  5:06  Probe  
  64  5:15  Forge  
  64  5:17  High Templar x3  
  64  5:18  High Templar, Probe x2  
  74  5:21  Archon x2  
  74  5:24  Immortal (Chrono Boost)  
  78  5:30  Probe x2  
  76  5:42  Probe x2  
  74  5:45  Shield Battery  
  74  5:49  Protoss Ground Weapons Level 1  
  74  5:54  Probe x2  
  76  6:01  Immortal (Chrono Boost)  
  80  6:06  Probe  
  80  6:07  Probe x2  
  83  6:15  Sentry x2  
  83  6:17  Assimilator  
  88  6:18  Probe  
  88  6:19  Assimilator  
  88  6:20  Stalker, Pylon  
  88  6:22  Charge  
  88  6:23  Probe x2  
  92  6:26  Pylon  
  92  6:30  Probe  
  93  6:35  Immortal (Chrono Boost)  
  93  6:37  Pylon  
  97  6:42  Probe  
  97  6:46  Sentry  
  100  6:50  Gateway  
  100  6:51  Gateway  
  100  6:55  Gateway, Zealot x3  
  100  6:56  Psionic Storm, Gateway  
  100  6:59  Pylon  
  106  7:04  Immortal (Chrono Boost)  
  106  7:07  Probe  
  111  7:09  Probe  
  111  7:10  Probe  
  111  7:13  Photon Cannon  
  113  7:18  Phoenix (Chrono Boost)  
  113  7:21  High Templar x2  
  119  7:24  Photon Cannon  
  119  7:26  Photon Cannon, Archon  
  119  7:32  Photon Cannon  
  119  7:35  Pylon, Phoenix (Chrono Boost)  
  121  7:40  High Templar  
  123  7:46  High Templar  
  123  7:49  Photon Cannon  
  125  7:51  Photon Cannon  
  125  7:52  Phoenix (Chrono Boost)  
  125  7:53  Probe, Pylon  
  125  7:55  Pylon  
  125  7:57  Protoss Ground Weapons Level 2 (Chrono Boost)  
  128  8:01  Zealot x2  
  131  8:10  Probe  
  130  8:14  Phoenix (Chrono Boost)  
  130  8:15  High Templar  
  130  8:19  Zealot x4  
  142  8:29  Pylon  
  142  8:30  Pylon  
  142  8:35  Probe  
  142  8:36  Nexus, Phoenix  
  142  8:37  Probe  
  140  8:44  High Templar x2  
  140  8:45  Zealot x4  
  146  8:55  Probe  
  143  9:02  Immortal  
  141  9:08  High Templar  
  140  9:11  Stalker x4  
  140  9:12  Zealot  
  140  9:15  Probe  
  151  9:17  Pylon  
  151  9:19  Pylon  
  141  9:42  Stalker x2  
  141  9:43  Stalker  
  141  9:49  Archon x2  
  141  9:51  Immortal  
  141  9:52  Stalker x5  
  131  9:53  Probe  
  131  9:54  Probe  
  131  9:57  Probe  
  111  10:00  Probe  
  99  10:16  High Templar x2, Zealot x2  
  99  10:17  Zealot x4  
  115  10:25  Probe  
  117  10:32  Shield Battery  
  117  10:33  Photon Cannon  
Show
View Real Time Build Order
Export as new Build Order

Reynor Zerg - Winner!

Build Orders: Hatch First 

Get SALT Encoding   

  12  0:00  Drone  
  13  0:11  Overlord  
  13  0:16  Drone  
  14  0:29  Drone  
  14  0:30  Drone  
  16  0:48  Hatchery  
  15  0:51  Drone  
  15  0:55  Drone  
  17  0:57  Drone  
  18  1:09  Extractor  
  17  1:13  Spawning Pool  
  17  1:16  Drone  
  17  1:19  Drone  
  18  1:27  Drone  
  19  1:37  Drone  
  20  1:48  Overlord  
  20  2:00  Drone x2, Queen x2  
  26  2:10  Zergling x2  
  26  2:11  Zergling x2  
  26  2:13  Metabolic Boost  
  28  2:21  Drone x2  
  30  2:32  Drone x2  
  32  2:38  Hatchery  
  32  2:42  Queen  
  33  2:47  Overlord  
  33  2:50  Zergling x2  
  34  2:53  Zergling x2  
  34  2:55  Zergling x2  
  36  3:06  Drone  
  36  3:07  Overlord, Drone x3  
  36  3:12  Queen  
  42  3:18  Drone  
  42  3:19  Drone  
  44  3:25  Drone  
  44  3:26  Queen  
  47  3:31  Overlord  
  47  3:40  Drone x5  
  52  3:52  Drone x2  
  52  3:53  Drone  
  52  3:54  Drone x2, Spore Crawler  
  53  3:57  Drone  
  53  3:59  Spore Crawler  
  53  4:02  Drone x2  
  56  4:06  Drone  
  56  4:08  Queen  
  59  4:13  Spore Crawler  
  58  4:17  Drone x2  
  58  4:18  Drone  
  58  4:20  Overlord  
  58  4:23  Zergling x4  
  63  4:25  Drone  
  63  4:28  Drone x2  
  66  4:34  Roach Warren  
  66  4:35  Overlord  
  66  4:37  Drone  
  66  4:38  Drone  
  66  4:39  Drone  
  66  4:41  Drone  
  66  4:42  Drone  
  70  4:47  Lair  
  70  4:49  Zergling x4  
  72  4:53  Drone x2  
  72  4:54  Overlord  
  72  4:55  Drone  
  72  4:56  Drone  
  72  4:57  Drone  
  72  4:58  Drone  
  78  5:05  Extractor x2, Drone x2  
  78  5:06  Extractor, Drone x2  
  79  5:13  Overlord  
  78  5:18  Roach x5  
  88  5:22  Drone  
  88  5:23  Overlord, Extractor  
  88  5:24  Drone  
  88  5:28  Overlord  
  89  5:34  Drone x3  
  90  5:35  Drone x2  
  90  5:37  Overlord  
  90  5:38  Drone x2  
  93  5:46  Drone x4  
  93  5:49  Drone  
  98  5:50  Drone x2  
  98  5:52  Overlord, Extractor  
  98  5:54  Drone  
  100  5:58  Spire  
  99  6:06  Drone x3  
  99  6:09  Hatchery  
  100  6:12  Evolution Chamber  
  99  6:21  Drone x5  
  99  6:23  Glial Reconstitution  
  99  6:25  Overlord  
  103  6:26  Roach x2  
  103  6:27  Roach x4  
  114  6:34  Overlord  
  114  6:37  Zerg Missile Weapons Level 1  
  114  6:40  Overlord x3  
  114  6:47  Overlord  
  114  6:49  Overseer  
  114  6:56  Overseer  
  114  7:10  Mutalisk x7  
  128  7:19  Roach x6  
  128  7:21  Drone x4  
  128  7:22  Drone x2  
  146  7:27  Roach x3  
  146  7:29  Ravager  
  153  7:30  Overlord  
  153  7:31  Zergling x4, Roach  
  153  7:32  Extractor  
  153  7:33  Extractor  
  155  7:42  Overlord x3  
  155  7:43  Overlord x2  
  155  7:46  Ravager x3  
  158  7:52  Ravager  
  159  8:02  Ravager x3  
  162  8:08  Roach x6  
  162  8:09  Zergling x18  
  183  8:16  Infestation Pit, Roach x2  
  183  8:17  Roach  
  185  8:39  Drone x3  
  185  8:41  Drone  
  174  8:53  Hatchery  
  174  8:55  Hive  
  168  9:02  Roach x15  
  192  9:10  Ravager x6  
  192  9:15  Spine Crawler  
  192  9:16  Spine Crawler  
  192  9:17  Spine Crawler, Hydralisk Den  
  194  9:25  Roach x3  
  176  9:47  Roach x9  
  176  9:48  Roach x7  
  176  9:51  Roach x4  
  194  9:57  Roach x4  
  194  9:58  Roach  
  189  10:00  Roach  
  189  10:01  Roach  
  189  10:04  Roach x2  
  179  10:14  Ravager x2  
  179  10:15  Ravager x5  
  179  10:16  Zergling x12  
  192  10:23  Ravager x2  
Tags
 
Add a new tag
Caveats
  • Supply blocks, unpowered buildings, or Contaminate may cause inaccurate times.
  • Supply counts are checked every 10 seconds.